 Dungeon Crawl Stone Soup version 0.30-a0-365-ge7f957f1db (webtiles) character file.

Game seed: 7052291698316823079

3492 qeuew the Cleaver (level 9, 0/82 HPs)
             Began as a Minotaur Berserker on Nov 16, 2022.
             Was a Priest of Trog.
             Slain by a yak (8 damage)
             ... on level 8 of the Dungeon.
             The game lasted 00:10:33 (7357 turns).

qeuew the Cleaver (Minotaur Berserker)              Turns: 7357, Time: 00:10:34

Health: 0/82       AC:  9    Str: 23    XL:     9   Next: 80%
Magic:  8/8        EV: 16    Int:  4    God:    Trog [***...]
Gold:   332        SH:  0    Dex: 19    Spells: 8/8 levels left

rFire   . . .      SeeInvis .    a - +0 hand axe
rCold   + + .      Faith    .    i - +0 buckler
rNeg    . . .      Spirit   .    c - +3 leather armour {rC+}
rPois   .          Reflect  .    (helmet restricted)
rElec   .          Harm     .    j - +1 cloak
rCorr   .          Rampage  .    (no gloves)
Will    ++...                    (no boots)
Stlth   +.........               r - amulet of the acrobat
HPRegen 1.33/turn                d - ring of protection from cold
MPRegen 0.11/turn                q - +6 ring of dexterity

@: confused, ambrosia-drunk, strong-willed (expiring), on berserk cooldown,
regenerating (expiring), slowed, very slow
A: horns 2, retaliatory headbutt
a: Renounce Religion, Berserk, Trog's Hand


You were on level 8 of the Dungeon.
You worshipped Trog.
Trog was most pleased with you.
You visited 1 branch of the dungeon, and saw 8 of its levels.
You also visited: Sewer.

You collected 332 gold pieces.

Inventory:

Hand Weapons
 a - a +0 hand axe (weapon)
Armour
 c - a +3 leather armour of cold resistance (worn)
 i - a +0 buckler (worn)
 j - a +1 cloak (worn)
Jewellery
 d - a ring of protection from cold (left hand)
 q - a +6 ring of dexterity (right hand)
 r - an amulet of the acrobat (around neck)
Wands
 h - a wand of roots (34)
 k - a wand of polymorph (14)
Scrolls
 b - 3 scrolls of fear
 e - a scroll of blinking
 f - 3 scrolls of magic mapping
 l - a scroll of silence
 o - a scroll of teleportation
 s - a scroll of enchant armour
Potions
 g - a potion of flight
 m - a potion of curing


   Skills:
 + Level 8.7 Fighting
 + Level 8.7 Axes
 + Level 8.2 Armour
 + Level 7.6 Dodging
 + Level 5.5 Shields


You had 8 spell levels left.
You didn't know any spells.
Your spell library was empty.

Dungeon Overview and Level Annotations

Branches:
Dungeon (8/15)             Temple (0/1) D:6           Sewer (visited)
   Lair: D:8-11

Altars:


Innate Abilities, Weirdness & Mutations

You have a pair of horns on your head.
You reflexively headbutt those who attack you in melee.


Message History

You kill the yak!
Trog accepts your kill.
You slash the yak!
Your Armour skill increases to level 8!
The yak misses you.
You slash the yak!
The yak is lightly wounded.
You slash the yak! You hit the yak but do no damage. The yak gores you!
You block the yak's attack. The yak misses you.
You slash the yak!
The yak is heavily wounded.
You hit the yak. You completely miss the yak. You barely miss the yak.
The yak is heavily wounded.
You hit the yak. x2; The yak gores you!
* * * LOW HITPOINT WARNING * * *
The yak closely misses you. You furiously retaliate!
You headbutt the yak!!
You kill the yak!
Trog accepts your kill. The yak barely misses you.
You slash the yak! You headbutt the yak!
You kill the yak!
Trog accepts your kill.
You barely miss the yak.
You are no longer berserk.
You are exhausted.
You feel yourself slow down.
You feel the effects of Trog's Hand fading.
You hit the yak. You headbutt the yak!
The yak is heavily wounded.
The yak gores you but does no damage. The yak gores you!
* * * LOW HITPOINT WARNING * * *
You barely miss the yak.
The yak is heavily wounded.
The yak gores you but does no damage.
You are confused.
You feel invigorated. The yak gores you!
* * * LOW HITPOINT WARNING * * *
The yak gores you!
You die...

...##......#
......>..."#
##.##......# #
#<.....# #######
. #......#
.......
##.#†.....#
...>...
#.........#
.......
#.....>...#
##Y....#
#.........# #@.#
#.........###
#†##
#...........# #>#
##.##.#####.###.#
#. #.# #......# #
#. #.....####
.....###.# ...#.
#.. .. # ....


You could see a yak.

Vanquished Creatures
  Pikel (D:6)
  Grinder (D:4)
  6 yaks (D:8)
  Edmund (D:3)
  Duvessa (D:7)
  2 ice beasts (D:8)
  An ogre (D:4)
  A phantom (D:5)
  2 lemures (D:6)
  4 kobold brigands (Sewer)
  2 necrophages
  2 bullfrogs
  5 wights (D:6)
  Dowan (D:7)
  An electric eel (D:7)
  A jelly (D:6)
  2 hounds
  Crazy Yiuf (D:3)
  A gnoll bouda (D:6)
  4 iguanas
  An orc wizard (D:5)
  8 gnolls
  4 adders
  2 river rats (Sewer)
  A shadow imp (D:5)
  2 white imps (D:6)
  3 worms
  A dart slug (D:5)
  9 orcs
  4 bats
  10 endoplasms
  4 giant cockroaches
  5 goblins
  3 hobgoblins
  12 jackals
  6 kobolds
  6 quokkas
  11 ball pythons
  6 frilled lizards
  8 rats
146 creatures vanquished.

Vanquished Creatures (others)
  14 plants (Sewer)
14 creatures vanquished.

Grand Total: 160 creatures vanquished

Notes
Turn   | Place    | Note
-------+----------+-------------------------------------------
     0 | D:1      | qeuew the Minotaur Berserker began the quest for the Orb.
     0 | D:1      | Reached XP level 1. HP: 19/19 MP: 0/0
   161 | D:1      | Reached XP level 2. HP: 27/27 MP: 1/1
   732 | D:1      | Reached ** piety under Trog
   981 | D:2      | Reached XP level 3. HP: 33/33 MP: 2/2
  1884 | D:3      | Found a runed translucent door.
  1885 | D:3      | Noticed Crazy Yiuf
  1940 | D:3      | Found a glowing drain.
  1959 | Sewer    | Entered a sewer
  1972 | Sewer    | Noticed a kobold brigand
  1982 | Sewer    | Killed a kobold brigand
  1983 | Sewer    | Reached XP level 4. HP: 17/41 MP: 3/3
  1995 | Sewer    | Reached XP level 5. HP: 18/47 MP: 4/4
  2207 | Sewer    | Reached skill level 5 in Axes
  2522 | Sewer    | Reached skill level 5 in Fighting
  2522 | Sewer    | Reached XP level 6. HP: 27/56 MP: 5/5
  3428 | D:3      | Killed Crazy Yiuf
  3429 | D:3      | Reached skill level 5 in Armour
  3474 | D:4      | Noticed Edmund
  3474 | D:4      | Noticed Grinder
  3522 | D:4      | Paralysed by Grinder for 4 turns
  3535 | D:3      | Killed Edmund
  3536 | D:3      | Reached XP level 7. HP: 22/62 MP: 6/6
  3547 | D:4      | Paralysed by Grinder for 3 turns
  3558 | D:4      | Killed Grinder
  3559 | D:4      | Reached skill level 5 in Dodging
  3570 | D:4      | Reached *** piety under Trog
  4278 | D:5      | Entered Level 5 of the Dungeon
  4418 | D:5      | Reached skill level 1 in Shields
  4418 | D:5      | Reached XP level 8. HP: 71/71 MP: 7/7
  4821 | D:6      | Found a staircase to the Ecumenical Temple.
  5005 | D:6      | Noticed Pikel
  5030 | D:6      | Killed Pikel
  5318 | D:6      | Reached XP level 9. HP: 24/76 MP: 8/8
  6544 | D:7      | Noticed Duvessa
  6544 | D:7      | Noticed Dowan
  6554 | D:7      | Killed Dowan
  6566 | D:7      | Killed Duvessa
  7346 | D:8      | Reached skill level 5 in Shields
  7357 | D:8      | Slain by a yak

Illustrated notes

Levels and vault maps discovered:
D:1:      lemuel_arrival_tunnels, layout_loops_ring, nicolae_figureground_pulse
D:2:      layout_loops_corners, shapermc_ecumenical_altar_petra
D:3:      layout_rooms, portal_sewer_entry_f, nicolae_kite_square_tiling_tiny,
          uniq_crazy_yiuf_cottage
D:4:      layout_cave_pools, uniq_edmund, uniq_grinder
D:5:      layout_loops_ring
D:6:      layout_layer_cave, minmay_temple_entry_statues, uniq_pikel
D:7:      layout_basic, nicolae_lava_and_water, uniq_duvessa
D:8:      layout_rooms, grunt_gozag_statues, serial_ice, serial_ice_f,
          serial_ice_c, serial_ice_m, serial_ice_a, serial_ice_j, serial_ice_g,
          serial_ice_d

Skill      XL: |  1  2  3  4  5  6  7  8  9 |
---------------+----------------------------+-----
Axes           | 4 5 6 7 8 |  8.7
Armour         | 3 4 5 6 7 8 |  8.2
Fighting       | 4 5 6 7 8 |  8.7
Dodging        | 3 4 5 6 7 |  7.6
Shields        | 1 3 5 |  5.5

Action                   |  1- 3 |  4- 6 |  7- 9 || total
-------------------------+-------+-------+-------++-------
Melee: Hand axe          |    94 |   120 |   237 ||   451
       Headbutt          |    17 |    18 |    65 ||   100
Invok: Berserk           |     1 |     2 |     2 ||     5
       Trog's Hand       |       |     1 |     1 ||     2
  Use: Scroll            |     6 |     3 |     7 ||    16
       Potion            |     1 |     2 |     7 ||    10
Armor: Leather armour    |    33 |    34 |    39 ||   106
       Animal skin       |     1 |       |       ||     1
Dodge: Dodged            |    57 |    64 |   110 ||   231
Block: Buckler           |       |       |    36 ||    36

Table legend: (Time is in decaauts)
 A = Elapsed time spent in this place.
 B = Non-inter-level travel time spent in this place.
 C = Inter-level travel time spent in this place.
 D = Time resting spent in this place.
 E = Time spent auto-exploring this place.
 F = Levels seen in this place.
 G = Mean time per level.
                   A        B        C        D        E       F      G
               +--------+--------+--------+--------+--------+-----+--------+
         Total |   7509 |   7386 |    123 |    144 |   6102 |   9 |  834.3 |
       Dungeon |   6335 |   6212 |    123 |    144 |   5205 |   8 |  791.9 |
         Sewer |   1173 |   1173 |      0 |      0 |    896 |   1 | 1173.0 |
               +--------+--------+--------+--------+--------+-----+--------+

Top non-repeatable levels by time:
     D:6: 1599 daAuts
   Sewer: 1173 daAuts
     D:1: 923 daAuts
     D:2: 887 daAuts
     D:4: 766 daAuts
     D:7: 756 daAuts
     D:3: 693 daAuts
     D:5: 531 daAuts
     D:8: 177 daAuts
